 Dungeon Crawl Stone Soup version 0.29.1-1-gd02db6906a (webtiles) character file.

Game seed: 1755044636140124517

3516 Demigod47 the Basher (level 9, -2/79 HPs)
             Began as a Minotaur Fighter on Oct 10, 2022.
             Was a Follower of Okawaru.
             Slain by a wyvern (10 damage)
             ... on level 9 of the Dungeon.
             The game lasted 00:10:25 (7955 turns).

Demigod47 the Basher (Minotaur Fighter)             Turns: 7955, Time: 00:10:26

Health: -2/79      AC: 18    Str: 26    XL:     9   Next: 81%
Magic:  8/8        EV:  7    Int:  5    God:    Okawaru [*.....]
Gold:   152        SH: 11    Dex:  9    Spells: 8/8 levels left

rFire   + . .      SeeInvis .   w - +2 flail (holy)
rCold   x . .      Faith    .   y - +2 kite shield
rNeg    . . .      Spirit   .   G - +1 plate armour
rPois   .          Reflect  .   (helmet restricted)
rElec   .          Harm     .   e - +0 cloak
rCorr   +          Rampage  .   f - +0 pair of gloves
Will    .....                   (no boots)
Stlth   ..........              p - amulet of magic regeneration
HPRegen 0.23/turn               E - ring of fire
MPRegen 0.51/turn               D - ring of resist corrosion

@: no status effects
A: horns 2, retaliatory headbutt
a: Renounce Religion, Heroism


You were on level 9 of the Dungeon.
You worshipped Okawaru.
Okawaru was aware of your devotion.
You visited 2 branches of the dungeon, and saw 9 of its levels.

You collected 440 gold pieces.
You spent 288 gold pieces at shops.

Inventory:

Hand Weapons
 a - a +1 flail
 w - a +2 flail of holy wrath (weapon)
Armour
 b - a +0 scale mail
 e - a +0 cloak (worn)
 f - a +0 pair of gloves (worn)
 y - a +2 kite shield (worn)
 G - a +1 plate armour (worn)
Jewellery
 p - an amulet of magic regeneration (around neck)
 C - a ring of wizardry
 D - a ring of resist corrosion (right hand)
 E - a ring of fire (left hand)
Wands
 z - a wand of quicksilver (9)
Scrolls
 g - a scroll of silence
 h - a scroll of fear
 i - 2 scrolls of enchant weapon
 j - 3 scrolls of teleportation
 k - a scroll of brand weapon
 l - 2 scrolls of immolation
 m - a scroll of enchant armour
 o - 3 scrolls of fog
 q - 2 scrolls of poison
 s - a scroll of blinking
 u - a scroll of magic mapping
Potions
 d - 2 potions of might
 r - a potion of curing
 v - a potion of flight
 A - 2 potions of invisibility


   Skills:
 + Level 7.5 Fighting
 + Level 9.9 Maces & Flails
 + Level 9.3 Armour
 + Level 4.4 Dodging
 + Level 0.9 Stealth
 + Level 7.6 Shields
 + Level 0.5 Unarmed Combat


You had 8 spell levels left.
You didn't know any spells.
Your spell library contained the following spells:

 Spells                   Type           Power      Damage    Failure   Level
 Sandblast                Erth           0%         2d4       100%        1
 Slow                     Hex            0%         N/A       100%        1
 Passwall                 Tmut/Erth      0%         N/A       100%        2
 Confusing Touch          Hex            0%         N/A       100%        3
 Gell's Gravitas          Tloc           0%         N/A       100%        3
 Lesser Beckoning         Tloc           0%         N/A       100%        3
 Stone Arrow              Conj/Erth      0%         3d7       100%        3
 Teleport Other           Tloc           0%         N/A       100%        3
 Vampiric Draining        Necr           0%         2d6       100%        3
 Borgnjor's Vile Clutch   Necr/Erth      0%         N/A       100%        5
 Call Imp                 Summ           Unusable   N/A       N/A         2
 Call Canine Familiar     Summ           Unusable   N/A       N/A         3
 Summon Guardian Golem    Hex/Summ       Unusable   N/A       N/A         3
 Animate Dead             Necr           Unusable   N/A       N/A         4
 Death Channel            Necr           Unusable   N/A       N/A         6

Dungeon Overview and Level Annotations

Branches:
Dungeon (7/15)             Temple (1/1) D:6            Lair (0/5) D:9

Altars:
Ashenzari
Hepliaklqana
Okawaru
Ru
Trog
Wu Jian
Yredelemnul

Shops:
D:9 ?


Innate Abilities, Weirdness & Mutations

You have a pair of horns on your head.
You reflexively headbutt those who attack you in melee.


Message History

The basilisk gazes at you.
Your limbs have turned to stone.
You block the wyvern's attack. The basilisk gazes at you.
Your limbs have turned to stone.
The wyvern barely misses you.
You have turned to stone.
The wyvern bites you but does no damage.
The basilisk gazes at you. The wyvern bites you. The basilisk bites you.
The wyvern bites you!
* * * LOW HITPOINT WARNING * * *
The wyvern bites you but does no damage.
The basilisk bites you.
* * * LOW HITPOINT WARNING * * *
The wyvern bites you!
* * * LOW HITPOINT WARNING * * *
The basilisk gazes at you. You resist with some effort.
The wyvern bites you but does no damage.
The wyvern bites you.
* * * LOW HITPOINT WARNING * * *
The basilisk gazes at you. You resist with some effort. The wyvern bites you.
* * * LOW HITPOINT WARNING * * *
The basilisk bites you!
* * * LOW HITPOINT WARNING * * *
The wyvern bites you.
* * * LOW HITPOINT WARNING * * *
The wyvern bites you but does no damage.
The basilisk bites you.
* * * LOW HITPOINT WARNING * * *
You turn to flesh and can move again.
Unknown command.
Unknown command.
You thump the basilisk!
You kill the basilisk!
Okawaru accepts your kill. You block the wyvern's attack.
The wyvern bites you but does no damage.
The wyvern bites you!
You die...

#........###.#
#............#
######.......)#####
#.............##### ##.
#...[.[...........# ##...
#.#...........######.....
#.......).....## #..P...
#.∩.#..........###...P..Y
#..............@#..l....>
#.#############l.........
##.#####.......l...#..P./.
.........#####.....# .....
.......##########..####...
............# ##........
.......###### #......##
######## #.#...## +.#####


You could see a basilisk and a wyvern.

Vanquished Creatures
  Psyche (D:9)
  Sigmund (D:5)
  A basilisk (D:9)
  Edmund (D:4)
  An ice beast (D:5)
  An orc warrior (D:7)
  2 sky beasts
  4 black bears
  2 ogres
  A centaur (D:5)
  A phantom (D:5)
  2 gnoll sergeants (D:5)
  A bullfrog (D:7)
  A necrophage (D:4)
  A kobold brigand (D:7)
  6 scorpions
  4 wights (D:7)
  8 killer bees
  A howler monkey (D:5)
  A jelly (D:6)
  An orc priest (D:6)
  4 iguanas
  4 orc wizards
  12 gnolls
  6 adders
  A white imp (D:6)
  2 worms
  A dart slug (D:1)
  17 orcs
  5 endoplasms
  6 giant cockroaches
  3 goblins
  6 hobgoblins
  2 jackals (D:1)
  12 kobolds
  3 quokkas
  7 ball pythons
  5 bats
  A frilled lizard (D:1)
  4 rats
143 creatures vanquished.

Vanquished Creatures (others)
  A fungus (D:1)
  A plant (D:1)
2 creatures vanquished.

Grand Total: 145 creatures vanquished

Notes
Turn   | Place    | Note
-------+----------+-------------------------------------------
     0 | D:1      | Demigod47 the Minotaur Fighter began the quest for the Orb.
     0 | D:1      | Reached XP level 1. HP: 19/19 MP: 0/0
    31 | D:1      | Reached XP level 2. HP: 10/27 MP: 1/1
   294 | D:1      | Got the Discourse on Invitation
   855 | D:1      | Found a faded altar of an unknown god.
   869 | D:1      | Reached XP level 3. HP: 33/33 MP: 2/2
  1454 | D:2      | Reached XP level 4. HP: 40/40 MP: 3/3
  2327 | D:4      | Noticed a scorpion
  2331 | D:4      | Killed a scorpion
  2332 | D:4      | Reached skill level 1 in Dodging
  2332 | D:4      | Reached XP level 5. HP: 47/47 MP: 4/4
  2480 | D:4      | Reached skill level 5 in Armour
  2520 | D:4      | Noticed Edmund
  2528 | D:4      | Killed Edmund
  2529 | D:4      | Reached XP level 6. HP: 14/55 MP: 5/5
  3181 | D:4      | Identified the +0 leather armour of Ficwokui {rElec rPois
                  | rCorr}
  3195 | D:4      | Reached skill level 5 in Fighting
  3195 | D:4      | Reached skill level 5 in Maces & Flails
  3570 | D:4      | Reached XP level 7. HP: 61/61 MP: 6/6
  3812 | D:5      | Entered Level 5 of the Dungeon
  3813 | D:5      | Noticed Sigmund
  3822 | D:5      | Killed Sigmund
  3823 | D:5      | Reached skill level 5 in Shields
  4056 | D:5      | Reached XP level 8. HP: 38/70 MP: 7/7
  5595 | D:6      | Found a staircase to the Ecumenical Temple.
  5615 | Temple   | Entered the Ecumenical Temple
  5626 | Temple   | Became a worshipper of Warmaster Okawaru
  5882 | D:6      | Reached XP level 9. HP: 46/78 MP: 8/8
  7118 | D:7      | Reached * piety under Okawaru
  7608 | D:7      | You fall into a shaft and drop 2 floors!
  7652 | D:9      | Found Queth's Magic Scroll Shoppe.
  7653 | D:9      | Noticed Psyche
  7678 | D:9      | Killed Psyche
  7888 | D:9      | Bought a scroll of brand weapon for 161 gold pieces
  7888 | D:9      | Bought a scroll of enchant armour for 127 gold pieces
  7921 | D:9      | Found a staircase to the Lair.
  7922 | D:9      | Noticed an elephant
  7955 | D:9      | Slain by a wyvern

Illustrated notes

Levels and vault maps discovered:
D:1:      dpeg_arrival_leaves_temple_mockup, layout_basic,
          shapermc_ecumenical_altar_ellora, minmay_misc_feat_nine_boxes
D:2:      layout_basic, grunt_ministairs_6
D:3:      layout_rooms, minmay_misc_feat_room
D:4:      layout_loops_corners, serial_forest, infiniplex_forest_lined_2,
          infiniplex_forest_straight_4, infiniplex_forest_straight_2,
          infiniplex_forest_lined_4_way, infiniplex_forest_join,
          infiniplex_forest_straight_3, infiniplex_forest_straight_4,
          grunt_decor_fettered, uniq_edmund
D:5:      layout_basic, lightli_minifort, uniq_sigmund
D:6:      layout_rooms, minmay_temple_entry_crystal_x, serial_glass,
          glass_columns_a, glass_columns_a, lightli_orcish_oven
D:7:      layout_basic, supply_closet_lemuel, serial_bayou_pond_a
D:9:      due_megacathedral, layout_rooms,
          grunt_temple_overflow_gold_and_silver, nicolae_overflows_in_rows,
          david_lair_generic, serial_shops, nicolae_shop_stone, uniq_psyche
Temple:   nicolae_temple_ecumenical_triangle

Skill      XL: |  1  2  3  4  5  6  7  8  9 |
---------------+----------------------------+-----
Fighting       | 4 5 6 7 |  7.5
Armour         | 4 5 6 7 8 9 |  9.3
Maces & Flails | 3 4 5 6 8 9 |  9.9
Shields        | 4 5 6 7 |  7.6
Dodging        | 1 2 3 4 |  4.4
Stealth        | |  0.9
Unarmed Combat | |  0.5

Action                   |  1- 3 |  4- 6 |  7- 9 || total
-------------------------+-------+-------+-------++-------
Melee: Flail             |    76 |    64 |   263 ||   403
       Headbutt          |     5 |    12 |    45 ||    62
       Unarmed           |       |       |    10 ||    10
  Use: Potion            |     1 |     3 |     8 ||    12
       Scroll            |       |     1 |    13 ||    14
Armor: Scale mail        |    57 |    26 |   108 ||   191
       Plate armour      |       |       |    40 ||    40
       Skin              |       |       |     9 ||     9
Dodge: Dodged            |    42 |    33 |   138 ||   213
Block: Buckler           |    22 |     9 |    14 ||    45
       Kite shield       |       |       |   163 ||   163
